 Dungeon Crawl Stone Soup version 0.20-a0-454-g2b43fbb (webtiles) character file.

64463 Gorice the Carver (level 14, -2/115 HPs)
             Began as a Demonspawn Arcane Marksman on Jan 7, 2017.
             Was a High Priest of Okawaru (penitent).
             Slain by a deep elf blademaster
             ... wielding a +0 rapier
             ... created by the fury of Okawaru
              (15 damage)
             ... on level 2 of the Orcish Mines on Jan 8, 2017.
             The game lasted 03:05:23 (28459 turns).

Gorice the Carver (Demonspawn Arcane Marksman)     Turns: 28459, Time: 03:05:24

Health: -2/115     AC: 21    Str: 23    XL:     14   Next: 71%
Magic:  17/17      EV: 11    Int: 14    God:    Okawaru [*]
Gold:   1787       SH:  0    Dex: 15    Spells: 14/15 levels left

rFire  . . .     SeeInvis +     a - +9 great sword of Optimality {vamp, *Contam rC+ Str+8}
rCold  + . .     Gourm    .     D - +4 scale mail of Miracles {SInv}
rNeg   . . .     Faith    .     (shield currently unavailable)
rPois  .         Spirit   .     (helmet restricted)
rElec  .         Reflect  .     i - +0 cloak
rCorr  .         Harm     .     L - +0 pair of gloves
MR     +....                    (boots unavailable)
Stlth  ..........               (no amulet)
                                S - +3 ring of protection
                                q - +3 ring of slaying

@: about to teleport, studying Fighting
A: hooves 3, horns 1, rugged brown scales 2, demonic guardian 2, powered by
death 2
a: Renounce Religion


You were on level 2 of the Orcish Mines.
You worshipped Okawaru.
Okawaru was demanding penance.
You were not hungry.

You visited 4 branches of the dungeon, and saw 21 of its levels.
You also visited: Labyrinth.

You collected 1787 gold pieces.

Inventory:

Hand Weapons
 a - the +9 great sword of Optimality (weapon) {vamp, *Contam rC+ Str+8}
   (Okawaru gifted it to you on level 6 of the Lair of Beasts)

   It inflicts no extra harm, but heals its wielder when it wounds a living foe.
   It affects your strength (+8).
   It protects you from cold.
   It causes magical contamination when unequipped.
 v - a +3 demon blade of venom
   (You took it off a minotaur in a labyrinth)
Missiles
 d - 3 silver tomahawks
 t - 32 tomahawks (quivered)
 E - 5 javelins
 Y - 2 javelins of penetration
Armour
 i - a +0 cloak (worn)
 D - the +4 scale mail of Miracles (worn) {SInv}
   (You found it on level 1 of the Lair of Beasts)

   It lets you see invisible.
 L - a +0 pair of gloves (worn)
Jewellery
 k - an uncursed ring of flight
 q - a +3 ring of slaying (left hand)
 y - an uncursed ring of protection from cold
 S - a +3 ring of protection (right hand)
Wands
 l - a wand of enslavement (16/24)
 n - a wand of iceblast (5/15)
 H - a wand of polymorph (13/24)
 I - a wand of iceblast (10/15)
 T - a wand of flame (42/48)
 U - a wand of digging (6/24)
Scrolls
 p - 4 scrolls of magic mapping {!r}
 z - 2 scrolls of blinking
 C - 6 scrolls of remove curse
 F - a scroll of identify
 J - 7 scrolls of fear {!r}
 K - 9 scrolls of teleportation {!r}
Potions
 e - 2 potions of ambrosia
 m - 2 potions of heal wounds {!q}
 s - 2 potions of lignification {!q}
 w - 3 potions of invisibility {!q}
 B - 5 potions of agility {!q}
 O - 6 potions of curing
 P - 3 potions of cancellation {!q}
 W - 2 potions of might {!q}
Books
 Z - a manual of Fighting {!d}
Miscellaneous
 c - a lamp of fire
 f - a box of beasts
Comestibles
 b - 14 chunks of flesh
 h - 6 bread rations {!e}
 o - 17 fruits


   Skills:
 - Level 10.0 Fighting
 * Level 14.9 Long Blades
   Level 8.0 Slings
 + Level 13.3 Armour
 - Level 1.7 Dodging
 - Level 1.0 Spellcasting
 - Level 3.0 Hexes
 - Level 3.6 Invocations
 - Level 4.4 Evocations


You had 14 spell levels left.
You knew the following spells:

 Your Spells              Type           Power        Failure   Level  Hunger
a - Corona                Hex            #......      17%         1    ##.....


Dungeon Overview and Level Annotations

Branches:
Dungeon (12/15)            Temple (1/1) D:6            Lair (6/6) D:8
 Shoals (0/4) Lair:4        Snake (0/4) Lair:4        Slime (0/5) Lair:5
    Orc (2/2) D:12            Elf (0/3) Orc:2

Altars:
Ashenzari
Cheibriados
Dithmenos
Elyvilon
Fedhas
Gozag
Hepliaklqana
Kikubaaqudgha
Makhleb
Nemelex Xobeh
Okawaru
Qazlal
Ru
Sif Muna
Trog
Uskayaw
Vehumet
Xom
Yredelemnul
Zin
The Shining One

Shops:
Orc:1 }   Orc:2 }

Annotations:
Lair:2 vpUX: Oklobs guarding loot, exclusion: 2 oklob plants
Lair:5 exclusion: oklob plant
Lair:6 1 runed door: vpUX: dragons, 2 exclusions
Orc:2 6 exclusions


Innate Abilities, Weirdness & Mutations

You have hooves in place of feet.
You are mostly covered in rugged brown scales. (AC +2, +5% HP)
A demonic guardian rushes to your aid.
You regenerate health from kills.
You have a pair of small horns on your head.


Message History

Unknown command.
Unknown command.
Unknown command.
Unknown command.
Unknown command.
Unknown command.
Unknown command.
Unknown command.
Unknown command.
Unknown command.
You miss the deep elf blademaster.
Your kick misses the deep elf blademaster.
The deep elf blademaster is lightly wounded.
The deep elf blademaster hits you with a rapier. x2
The deep elf blademaster hits you but does no damage.
The deep elf blademaster hits you with a rapier!
Damage: 14 (max 18)
You barely miss the deep elf blademaster.
Your kick misses the deep elf blademaster.
Your headbutt misses the deep elf blademaster.
The deep elf blademaster is lightly wounded.
The deep elf blademaster hits you with a rapier!
The deep elf blademaster hits you but does no damage.
Damage: 13 (max 18)
You completely miss the deep elf blademaster.
The deep elf blademaster is lightly wounded.
The deep elf blademaster hits you with a rapier! x2
* * * LOW HITPOINT WARNING * * *
Damage: 21 (max 21) Unknown command.
You miss the deep elf blademaster.
Your headbutt misses the deep elf blademaster.
The deep elf blademaster is lightly wounded.
The deep elf blademaster hits you with a rapier!
* * * LOW HITPOINT WARNING * * *
The deep elf blademaster hits you with a rapier!
* * * LOW HITPOINT WARNING * * *
The deep elf blademaster misses you.
You riposte.
You miss the deep elf blademaster.
Your kick misses the deep elf blademaster.
The deep elf blademaster is lightly wounded.
The deep elf blademaster hits you but does no damage.
Damage: 27 (max 27) Really read
K - 10 scrolls of teleportation {!r}?
As you read the scroll of teleportation {!r}, it crumbles to dust.
You feel strangely unstable.
The deep elf blademaster hits you with a rapier!
* * * LOW HITPOINT WARNING * * *
The deep elf blademaster hits you with a rapier!
You die...

....................###.....#
#...................##......###+#
.................#...##..........
................###.#.......###+#
...............###..........#
..............#..#..........#
.................[..........#
................)#......##..#####
.......#........@#.#...#.#.......
.......#.......e......#..........
#....................#......#####
#.......................##..##
..........#..........#...#...# ##
.....................#..###.####.
........................##...##..
........................###.###..
.........................#.#.##..


You could see a deep elf blademaster.

Vanquished Creatures
  Donald (Orc:2)
  An entropy weaver (Lair:6)
  The ghost of stickyfingers the Basher, a journeyman BaNe of Makhleb (Lab)
  The ghost of nht the Brawler, a journeyman TrBe of Trog (D:11)
  Fannar (D:11)
  Erolcha (Orc:2)
  2 hydras
  Erica (D:8)
  5 two-headed ogres
  The ghost of Vidiiot the Basher, a journeyman BaGl of Okawaru (D:11)
  A queen ant (Lair:6)
  6 death yaks (Lair:6)
  A lindwurm (Lair:6)
  A deep elf mage (D:12)
  An ugly thing (D:10)
  2 orc sorcerers (Orc:2)
  2 cyclopes (Orc:1)
  14 elephants
  2 black mambas
  Joseph (D:7)
  A centaur skeleton (D:10)
  A gargoyle (D:12)
  6 torpor snails (Lair:6)
  7 spiny frogs
  A rime drake (Lair:6)
  8 komodo dragons
  2 trolls
  A polar bear (Lair:6)
  3 tyrant leeches (Lair:6)
  3 hornets (Lair:6)
  22 blink frogs
  6 hippogriffs
  A shadow (D:11)
  A wraith (D:12)
  2 wyverns
  2 basilisks
  34 yaks
  3 fire bats (Lair:6)
  3 vampire mosquitoes (D:12)
  6 wargs
  5 soldier ants (Lair:6)
  4 nagas (Lair:4)
  10 water moccasins
  Duvessa (D:7)
  19 orc warriors
  9 porcupines
  A swamp drake (Lair:6)
  An eye of draining (D:12)
  2 necrophages
  A sky beast (D:8)
  2 black bears
  2 ice beasts
  6 phantoms
  12 wolves
  7 ogres
  8 centaurs
  10 crocodiles
  18 bullfrogs
  A gnoll sergeant (D:6)
  An earth elemental (Lab)
  A water moccasin zombie (D:6)
  Dowan (D:7)
  A wyvern skeleton (D:11)
  5 scorpions
  8 killer bees
  3 electric eels
  4 howler monkeys
  4 crimson imps
  A quasit (D:10)
  3 centaur zombies
  17 orc priests
  6 hounds
  3 jellies
  3 bullfrog skeletons
  3 iguanas
  A gnoll shaman (D:8)
  27 orc wizards
  A hell rat (D:8)
  15 worker ants
  A hound zombie (D:5)
  2 hound skeletons
  A worker ant zombie (D:11)
  7 gnolls
  A howler monkey skeleton (D:8)
  18 adders
  2 river rats (D:8)
  A shadow imp (D:10)
  2 oozes
  An adder skeleton (D:5)
  5 dart slugs
  3 leopard geckos
  91 orcs
  4 ball pythons
  10 bats
  4 giant cockroaches
  8 goblins
  7 hobgoblins
  8 jackals
  8 quokkas
  3 frilled lizards
  11 kobolds
  A leopard gecko skeleton (D:6)
  A leopard gecko zombie (D:7)
  A quokka skeleton (D:4)
  11 rats
  24 plants
622 creatures vanquished.

Vanquished Creatures (collateral kills)
  Kirke (Lair:4)
  A stone giant (Orc:2)
  An entropy weaver (Lair:6)
  2 minotaurs
  2 hydras
  A centaur warrior (Orc:2)
  A fire crab (Lair:6)
  An ugly thing (D:11)
  A deep elf mage (D:12)
  5 elephants
  A spiny frog (Lair:6)
  A torpor snail (Lair:6)
  2 komodo dragons
  A tyrant leech (Lair:6)
  4 hornets (Lair:6)
  A blink frog (Lair:6)
  A hippogriff (Lair:1)
  12 yaks
  2 basilisks
  A soldier ant (D:11)
  A sky beast (D:7)
  A necrophage (D:6)
  2 ogres
  2 killer bees
  2 jellies
  An orc priest (D:4)
  4 orc wizards
  A gnoll (D:5)
  4 orcs
  A giant cockroach (D:5)
  2 jackals (D:11)
  A butterfly (Lair:4)
64 creatures vanquished.

Vanquished Creatures (others)
  A human (Lair:4)
  A killer bee (D:7)
  11 fungi
  32 plants
45 creatures vanquished.

Grand Total: 731 creatures vanquished

Notes
Turn   | Place    | Note
-------+----------+-------------------------------------------
     0 | D:1      | Gorice the Demonspawn Arcane Marksman began the quest for the Orb.
     0 | D:1      | Reached XP level 1. HP: 15/15 MP: 2/2
    99 | D:1      | Reached skill level 2 in Slings
   127 | D:1      | Gained mutation: You have large cloven feet. [demonic ancestry]
   127 | D:1      | Reached XP level 2. HP: 22/22 MP: 3/3
   156 | D:1      | Reached skill level 2 in Fighting
   315 | D:1      | Gained mutation: A weak demonic guardian rushes to your aid. [demonic ancestry]
   315 | D:1      | Reached XP level 3. HP: 27/27 MP: 0/4
   918 | D:2      | HP: 8/28 [poisoned by an adder]
   924 | D:2      | HP: 6/28 [poisoned by an adder]
   930 | D:2      | HP: 4/28 [poisoned by an adder]
   938 | D:2      | HP: 3/28 [poisoned by an adder]
  1538 | D:2      | Reached skill level 3 in Slings
  1599 | D:2      | Reached XP level 4. HP: 34/34 MP: 2/5
  1975 | D:3      | Reached skill level 3 in Fighting
  3015 | D:4      | Gained mutation: You have hoof-like feet. [demonic ancestry]
  3015 | D:4      | Reached XP level 5. HP: 34/41 MP: 6/6
  3178 | D:4      | HP: 7/41 [worker ant (7)]
  3183 | D:4      | HP: 5/41 [poisoned by a worker ant]
  3188 | D:4      | HP: 4/41 [poisoned by a worker ant]
  3196 | D:4      | HP: 3/41 [poisoned by a worker ant]
  3571 | D:4      | HP: 12/42 [killer bee (5)]
  3574 | D:4      | HP: 4/42 [poisoned by a killer bee]
  3577 | D:4      | Gained mutation: You have a pair of small horns on your head. [potion of beneficial mutation]
  3619 | D:3      | HP: 12/42 [poisoned by a killer bee]
  3625 | D:3      | HP: 12/42 [poisoned by a killer bee]
  3631 | D:3      | HP: 12/42 [poisoned by a killer bee]
  3735 | D:3      | Reached skill level 4 in Slings
  3749 | D:5      | Entered Level 5 of the Dungeon
  3916 | D:5      | Reached skill level 4 in Fighting
  4279 | D:5      | Gained mutation: You regenerate a little health from kills. [demonic ancestry]
  4279 | D:5      | Reached XP level 6. HP: 47/48 MP: 4/7
  4334 | D:5      | Noticed a yak
  4335 | D:5      | Noticed a yak
  4356 | D:5      | Killed a yak
  4399 | D:5      | Reached skill level 5 in Fighting
  4399 | D:5      | Reached skill level 5 in Slings
  4434 | D:5      | Noticed a yak
  4435 | D:5      | Noticed a yak
  4436 | D:5      | Noticed a yak
  4438 | D:5      | Reached XP level 7. HP: 41/56 MP: 8/8
  4465 | D:5      | Killed a yak
  4474 | D:4      | HP: 14/56 [orc wizard/puff of flame (12)]
  4561 | D:5      | HP: 16/56 [centaur (7)]
  4566 | D:5      | HP: 14/56 [centaur (3)]
  4815 | D:5      | Reached skill level 6 in Fighting
  4860 | D:5      | Reached skill level 6 in Slings
  5287 | D:4      | HP: 16/58 [orc wizard/magic dart (6)]
  5292 | D:4      | HP: 17/58 [orc wizard/dagger (2)]
  5296 | D:4      | HP: 8/59 [ball python (2)]
  5301 | D:4      | HP: 4/59 [orc wizard/dagger (1)]
  5303 | D:4      | Killed a yak
  5303 | D:4      | Gained mutation: You regenerate health from kills. [demonic ancestry]
  5303 | D:4      | Reached XP level 8. HP: 24/65 MP: 9/9
  5307 | D:4      | HP: 19/65 [orc (4)]
  5949 | D:4      | Reached skill level 7 in Fighting
  5956 | D:4      | HP: 19/67 [killer bee (3)]
  5961 | D:4      | HP: 11/67 [killer bee (7)]
  5963 | D:4      | HP: 5/67 [killer bee (6)]
  5964 | D:4      | HP: 1/67 [killer bee (4)]
  6234 | D:4      | Reached skill level 7 in Slings
  7694 | D:6      | Reached skill level 8 in Fighting
  7844 | D:6      | Gained mutation: You are partially covered in rugged brown scales. (AC +1, +3% HP) [demonic ancestry]
  7844 | D:6      | Reached XP level 9. HP: 68/76 MP: 10/10
  7860 | D:6      | Reached skill level 8 in Slings
  7914 | D:6      | Reached skill level 1 in Armour
  7950 | D:6      | Found a staircase to the Ecumenical Temple.
  7978 | Temple   | Entered the Ecumenical Temple
  8081 | Temple   | Became a worshipper of Warmaster Okawaru
  8253 | D:6      | Reached skill level 2 in Armour
  8859 | D:6      | Reached skill level 9 in Fighting
  8859 | D:6      | Reached skill level 3 in Armour
  9296 | D:7      | Reached * piety under Okawaru
  9328 | D:7      | Reached skill level 4 in Armour
  9356 | D:7      | Noticed Dowan
  9372 | D:7      | Killed Dowan
  9387 | D:7      | Noticed Duvessa
  9418 | D:7      | Killed Duvessa
  9418 | D:7      | Reached skill level 1 in Invocations
  9471 | D:7      | Noticed Joseph
  9490 | D:7      | Killed Joseph
  9490 | D:7      | Reached skill level 3 in Invocations
  9865 | D:7      | Gained mutation: You have hooves in place of feet. [demonic ancestry]
  9865 | D:7      | Reached XP level 10. HP: 83/87 MP: 12/12
 10103 | D:8      | Reached skill level 10 in Fighting
 10215 | D:8      | Reached skill level 5 in Armour
 10250 | D:8      | Noticed a death yak
 10319 | D:8      | Reached ** piety under Okawaru
 10319 | D:8      | Reached skill level 1 in Evocations
 10574 | D:8      | Found a staircase to the Lair.
 10598 | D:8      | Noticed a death yak
 10656 | D:8      | Found a stormy altar of Qazlal.
 10781 | D:8      | Reached skill level 2 in Evocations
 10879 | D:8      | Reached skill level 6 in Armour
 10962 | D:8      | Noticed a two-headed ogre
 11000 | D:8      | Noticed Erica
 11149 | D:8      | Killed Erica
 11149 | D:8      | Reached skill level 3 in Evocations
 11578 | D:8      | Killed a two-headed ogre
 11578 | D:8      | Reached *** piety under Okawaru
 11578 | D:8      | Reached skill level 7 in Armour
 11578 | D:8      | Reached skill level 4 in Evocations
 11838 | Lair:1   | Entered Level 1 of the Lair of Beasts
 11869 | Lair:1   | Noticed a four-headed hydra
 11873 | Lair:1   | Killed a two-headed hydra
 12033 | Lair:1   | Reached skill level 1 in Long Blades
 12033 | Lair:1   | Reached skill level 8 in Armour
 12044 | Lair:1   | HP: 24/87 [blink frog (7)]
 12057 | Lair:1   | Reached **** piety under Okawaru
 12421 | Lair:1   | Reached skill level 2 in Long Blades
 12421 | Lair:1   | Gained mutation: A demonic guardian rushes to your aid. [demonic ancestry]
 12421 | Lair:1   | Reached XP level 11. HP: 66/92 MP: 14/14
 12497 | Lair:1   | Got a bloodstained scale mail
 12508 | Lair:1   | Identified the +4 scale mail of Miracles {SInv} (You found it on level 1 of the Lair of Beasts)
 12527 | Lair:1   | Received a gift from Okawaru
 12954 | Lair:1   | Reached skill level 3 in Long Blades
 13324 | D:8      | Reached skill level 4 in Long Blades
 13584 | Lair:1   | Noticed a six-headed hydra
 13595 | Lair:1   | Killed a six-headed hydra
 13595 | Lair:1   | Reached skill level 5 in Long Blades
 13668 | Lair:1   | Reached ***** piety under Okawaru
 13721 | Lair:1   | Reached skill level 9 in Armour
 14106 | Lair:1   | Received a gift from Okawaru
 14106 | Lair:1   | Reached skill level 6 in Long Blades
 15015 | Lair:2   | Reached skill level 7 in Long Blades
 15104 | Lair:2   | Noticed an oklob plant
 15104 | Lair:2   | Noticed an oklob plant
 15921 | Lair:3   | Received a gift from Okawaru
 15946 | Lair:3   | Noticed a seven-headed hydra
 15952 | Lair:3   | Killed a seven-headed hydra
 16327 | Lair:3   | Gained mutation: You are mostly covered in rugged brown scales. (AC +2, +5% HP) [demonic ancestry]
 16327 | Lair:3   | Reached XP level 12. HP: 92/101 MP: 15/15
 16560 | Lair:3   | Identified the Grimoire of Ice and Confrontation
 16636 | Lair:3   | Reached skill level 8 in Long Blades
 17185 | Lair:4   | Found a staircase to the Shoals.
 17186 | Lair:4   | Got a translucent leather armour
 17533 | Lair:3   | Reached skill level 10 in Armour
 17624 | Lair:3   | Received a gift from Okawaru
 17835 | Lair:4   | Noticed Kirke
 17844 | Lair:4   | Killed Kirke
 17844 | Lair:4   | Reached skill level 9 in Long Blades
 17973 | Lair:4   | Found a staircase to the Snake Pit.
 18212 | Lair:5   | Received a gift from Okawaru
 18600 | Lair:5   | Reached skill level 10 in Long Blades
 18722 | Lair:5   | Found a staircase to the Slime Pits.
 19040 | Lair:5   | Upgraded the game from 0.20-a0-449-g96be121 to 0.20-a0-454-g2b43fbb
 19281 | Lair:6   | Entered Level 6 of the Lair of Beasts
 19330 | Lair:6   | Found a labyrinth entrance.
 19349 | Lair:6   | Noticed a death yak
 19353 | Lair:6   | Noticed a death yak
 19353 | Lair:6   | Noticed a death yak
 19353 | Lair:6   | Noticed a death yak
 19354 | Lair:6   | Noticed a death yak
 19370 | Lair:6   | Noticed a death yak
 19373 | Lair:6   | Killed a death yak
 19373 | Lair:6   | Reached skill level 11 in Armour
 19375 | Lair:6   | Killed a death yak
 19381 | Lair:6   | Killed a death yak
 19381 | Lair:6   | Reached skill level 11 in Long Blades
 19399 | Lair:6   | Killed a death yak
 19400 | Lair:6   | Killed a death yak
 19400 | Lair:6   | Reached XP level 13. HP: 96/108 MP: 13/16
 19437 | Lab      | Entered a labyrinth
 19847 | Lab      | Noticed stickyfingers's ghost (journeyman BaNe)
 19885 | Lab      | Killed stickyfingers's ghost
 20031 | Lab      | Noticed a minotaur
 20037 | Lab      | Killed a minotaur
 20235 | Lair:6   | Reached ****** piety under Okawaru
 20311 | Lair:6   | Received a gift from Okawaru
 20610 | Lair:6   | Received a gift from Okawaru
 20685 | Lair:6   | Reached skill level 12 in Long Blades
 21246 | Lair:6   | Noticed an entropy weaver
 21247 | Lair:6   | Noticed an entropy weaver
 21352 | Lair:6   | Killed an entropy weaver
 21352 | Lair:6   | Received a gift from Okawaru
 21577 | Lair:6   | Killed an entropy weaver
 21873 | Lair:6   | Reached skill level 12 in Armour
 22052 | Lair:6   | Received a gift from Okawaru
 22094 | Lair:6   | Received a gift from Okawaru
 22104 | Lair:6   | Reached skill level 13 in Long Blades
 22231 | Lair:6   | Received a gift from Okawaru
 22232 | Lair:6   | Got a twisted great sword {god gift}
 22452 | Lair:6   | Found a runed door.
 22490 | Lair:6   | Paralysed by a hornet for 3 turns
 23230 | Lair:1   | Identified the +9 great sword of Optimality {vamp, *Contam rC+ Str+8} (Okawaru gifted it to you on level 6 of the Lair of Beasts)
 23282 | D:9      | Reached XP level 14. HP: 115/115 MP: 17/17
 23522 | D:9      | Received a gift from Okawaru
 24033 | D:10     | Entered Level 10 of the Dungeon
 24297 | D:10     | Received a gift from Okawaru
 24605 | D:11     | Noticed nht's ghost (journeyman TrBe)
 24662 | D:11     | HP: 27/115 [nht's ghost (9)]
 24960 | D:11     | Noticed Fannar
 24971 | D:11     | Killed Fannar
 25161 | D:11     | Received a gift from Okawaru
 25260 | D:11     | Noticed Vidiiot's ghost (journeyman BaGl)
 25269 | D:11     | Killed Vidiiot's ghost
 25361 | D:11     | Reached skill level 14 in Long Blades
 25541 | D:11     | Received a gift from Okawaru
 25548 | D:11     | Got an encrusted great sword {god gift}
 25651 | D:11     | Killed nht's ghost
 26102 | D:12     | Found a staircase to the Orcish Mines.
 26189 | D:12     | Identified the +1 great sword of the Feather {pain, rC+} (Okawaru gifted it to you on level 11 of the Dungeon)
 26294 | D:12     | Reached skill level 13 in Armour
 26924 | Orc:1    | Entered Level 1 of the Orcish Mines
 26941 | Orc:1    | Found Jauwk's Gadget Boutique.
 27152 | Orc:2    | Entered Level 2 of the Orcish Mines
 27152 | Orc:2    | Found a staircase to the Elven Halls.
 27155 | Orc:2    | Found Yzefopn's Gadget Boutique.
 27702 | Orc:2    | Noticed Erolcha
 27712 | Orc:2    | Killed Erolcha
 27747 | Orc:2    | Noticed Donald
 27752 | Orc:2    | Was placed under penance by Okawaru
 27763 | Orc:2    | Killed Donald
 27874 | Orc:2    | Noticed a stone giant
 27885 | Orc:2    | HP: 29/115 [centaur/arrow[the fury of Okawaru] (7)]
 28214 | Orc:2    | Noticed a stone giant
 28224 | Orc:2    | Killed a stone giant
 28445 | Orc:1    | Noticed a frost giant
 28445 | Orc:1    | Noticed a deep elf blademaster
 28458 | Orc:2    | HP: 24/115 [deep elf blademaster/rapier[the fury of Okawaru] (14)]
 28459 | Orc:2    | Slain by a deep elf blademaster

Vault maps used:
D:1:      dpeg_arrival_simpleton_c, minmay_pentomino_q2
D:3:      serial_bayou, serial_bayou_crossing, serial_bayou_pond_d,
          serial_bayou_shore_a, serial_bayou_pond_b, serial_bayou_pond_d,
          eino_tiny_chamber
D:4:      first_bread, minmay_strange_pillars
D:5:      dk_noncrumbling_4
D:7:      glass_columns_b, st_stairs_12, minmay_misc_feat_enclosed,
          uniq_duvessa, uniq_joseph
D:8:      dpeg_lair_monsters, nicolae_qazlal_eye_of_the_storm, uniq_erica
D:11:     kennysheep_blocky_hall, uniq_fannar
D:12:     david_orc_1_choice, billiards_dpeg
Temple:   kilobyte_greek_temple
Lair:1:   wad_woods_structure_01, grunt_megastairs_2
Lair:2:   minmay_lair_oklob_chamber, grunt_megastairs_3, lemuel_fruit_fields,
          serial_bayou_shore_b
Lair:3:   grunt_megastairs_4
Lair:4:   shoals_dummy_entry, guppyfry_snake_entry_island, uniq_kirke
Lair:5:   dpeg_slime_entry_corner
Lair:6:   guppyfry_lair_end_dragon, wormcave, lab_entry_generic,
          nicolae_volcano_entry_batcave, fungi_pond_lemuel, minivault_26,
          nicolae_quartered_pool_medium, wad_woods_antlair
Orc:1:    serial_shops, nicolae_shop_crystal
Orc:2:    st_orc_town, serial_shops, shop, uniq_erolcha, uniq_donald
Lab:      nicolae_lab_dead_adventurers, nicolae_lab_plus, lab_fountain

Skill      XL: |  1  2  3  4  5  6  7  8  9 10 11 12 13 14 |
---------------+-------------------------------------------+-----
Slings         | 2 3 4 5 6 7 8 |  8.0
Fighting       | 2 3 4 5 6 8 9 10 | 10.0
Armour         | 4 8 9 11 12 13 | 13.3
Invocations    | 3 |  3.6
Evocations     | 4 |  4.4
Long Blades    | 2 7 11 13 14 | 14.9
Dodging        | |  1.7
Spellcasting   | |  1.0
Hexes          | |  3.0

Action                   |  1- 3 |  4- 6 |  7- 9 | 10-12 | 13-15 || total
-------------------------+-------+-------+-------+-------+-------++-------
Melee: Short sword       |       |    30 |   333 |   254 |       ||   617
       Headbutt          |       |     4 |    55 |   163 |   158 ||   380
       Kick              |       |     6 |    88 |   239 |   265 ||   598
       Dagger            |       |       |     3 |       |       ||     3
       Scimitar          |       |       |       |   355 |    38 ||   393
       Hunting sling     |       |       |       |     2 |       ||     2
       Demon blade       |       |       |       |       |   226 ||   226
       Great sword       |       |       |       |       |   381 ||   381
 Fire: Hunting sling     |   102 |   179 |   222 |   388 |   189 ||  1080
Throw: Stone             |       |       |     1 |       |       ||     1
       Tomahawk          |       |       |     4 |    11 |    52 ||    67
 Cast: Corona            |    23 |    14 |    12 |       |       ||    49
Invok: Heroism           |       |       |     1 |    13 |    10 ||    24
Evoke: Wand              |       |       |       |     8 |     2 ||    10
  Use: Scroll            |     3 |     4 |     8 |     5 |    11 ||    31
       Potion            |       |     6 |     4 |       |       ||    10
 Stab: Distracted        |       |       |     1 |     1 |     4 ||     6
  Eat: Chunk             |     3 |     9 |    17 |    29 |    25 ||    83
       Pizza             |       |       |     1 |       |       ||     1
       Meat ration       |       |       |       |       |     1 ||     1
       Bread ration      |       |       |       |       |     1 ||     1
Armor: Robe              |     9 |       |       |       |       ||     9
       Ring mail         |     9 |    54 |   199 |    17 |       ||   279
       Plate armour      |       |       |       |    64 |       ||    64
       Scale mail        |       |       |       |   156 |   300 ||   456
Dodge: Dodged            |    43 |    69 |   262 |   193 |   302 ||   869
Block: Buckler           |       |       |       |    19 |    47 ||    66
       Rpst.: Scimitar   |       |       |       |    24 |     2 ||    26
       Demon blade       |       |       |       |       |    10 ||    10
       Great sword       |       |       |       |       |    53 ||    53

Table legend:
 A = Turns spent in this place as a percentage of turns spent in the entire game.
 B = Non-inter-level travel turns spent in this place as a percentage of non-inter-level travel turns spent in the entire game.
 C = Inter-level travel turns spent in this place as a percentage of turns spent in this place.
 D = Turns resting spent in this place as a percentage of non-inter-level travel turns spent in this place.
 E = Turns spent auto-exploring this place as a percentage of non-inter-level travel turns spent in this place.
 F = Non-inter-level travel turns spent in this place divided by the number of levels of this place that you've seen.
                   A       B       C       D       E      F
               +-------+-------+-------+-------+-------+----------------------
         Total | 100.0 | 100.0 |   0.4 |   2.2 |   3.8 | 511.6
       Dungeon |  49.4 |  49.4 |   0.4 |   2.4 |   4.8 | 463.2
        Temple |   0.2 |   0.2 |   5.0 |   0.0 |   5.3 |  19.0
          Lair |  36.7 |  36.6 |   0.6 |   2.4 |   3.5 | 687.0
  Orcish Mines |   8.8 |   8.8 |   0.1 |   0.9 |   2.3 | 496.0
     Labyrinth |   5.0 |   5.0 |   0.0 |   0.9 |   0.0 | 564.0
               +-------+-------+-------+-------+-------+----------------------

Vault maps used:
D:1:      dpeg_arrival_simpleton_c, minmay_pentomino_q2
D:3:      serial_bayou, serial_bayou_crossing, serial_bayou_pond_d,
          serial_bayou_shore_a, serial_bayou_pond_b, serial_bayou_pond_d,
          eino_tiny_chamber
D:4:      first_bread, minmay_strange_pillars
D:5:      dk_noncrumbling_4
D:7:      glass_columns_b, st_stairs_12, minmay_misc_feat_enclosed,
          uniq_duvessa, uniq_joseph
D:8:      dpeg_lair_monsters, nicolae_qazlal_eye_of_the_storm, uniq_erica
D:11:     kennysheep_blocky_hall, uniq_fannar
D:12:     david_orc_1_choice, billiards_dpeg
Temple:   kilobyte_greek_temple
Lair:1:   wad_woods_structure_01, grunt_megastairs_2
Lair:2:   minmay_lair_oklob_chamber, grunt_megastairs_3, lemuel_fruit_fields,
          serial_bayou_shore_b
Lair:3:   grunt_megastairs_4
Lair:4:   shoals_dummy_entry, guppyfry_snake_entry_island, uniq_kirke
Lair:5:   dpeg_slime_entry_corner
Lair:6:   guppyfry_lair_end_dragon, wormcave, lab_entry_generic,
          nicolae_volcano_entry_batcave, fungi_pond_lemuel, minivault_26,
          nicolae_quartered_pool_medium, wad_woods_antlair
Orc:1:    serial_shops, nicolae_shop_crystal
Orc:2:    st_orc_town, serial_shops, shop, uniq_erolcha, uniq_donald
Lab:      nicolae_lab_dead_adventurers, nicolae_lab_plus, lab_fountain
